 Dungeon Crawl Stone Soup version 0.21-a0-2-ge494091 (webtiles) character file.

110 grindst0ne the Skirmisher (level 4, 0/41 HPs)
             Began as a Minotaur Fighter on May 22, 2017.
             Succumbed to a kobold's poison
             ... on level 2 of the Dungeon.
             The game lasted 00:04:48 (1933 turns).

grindst0ne the Skirmisher (Minotaur Fighter)        Turns: 1933, Time: 00:04:49

Health: 0/41       AC:  8    Str: 20    XL:     4   Next: 61%
Magic:  3/3        EV:  8    Int: 10    God:
Gold:   125        SH:  9    Dex: 11    Spells: 3/3 levels left

rFire    . . .     SeeInvis .   s - +4 hand axe
rCold    + . .     Gourm    .   c - +0 shield
rNeg     . . .     Faith    .   m - +3 ring mail {rC+}
rPois    .         Spirit   .   (helmet restricted)
rElec    .         Reflect  .   (no cloak)
rCorr    .         Harm     .   (no gloves)
MR       +....                  (no boots)
Stlth    +.........             (no amulet)
Regen    0.2/turn               q - ring of protection from magic
MPRegen  0.1/turn               (no ring)

@: brilliant, lethally poisoned (0 -> -2)
A: retaliatory headbutt, horns 2
a: no special abilities


You were on level 2 of the Dungeon.
You were not hungry.

You visited 1 branch of the dungeon, and saw 2 of its levels.

You collected 125 gold pieces.

Inventory:

Hand Weapons
 a - a +0 war axe
 g - a +4 club
 s - a +4 hand axe (weapon)
Armour
 b - a +0 scale mail
 c - a +0 shield (worn)
 e - a +0 ring mail
 i - a +0 plate armour
 m - a +3 ring mail of cold resistance (worn)
Jewellery
 q - a ring of protection from magic (left hand)
Scrolls
 h - a scroll of enchant armour
 j - a scroll of remove curse
 l - a scroll of fog
Potions
 d - 2 potions of might
Comestibles
 f - 2 bread rations
 n - a meat ration
 r - 2 chunks of flesh


   Skills:
 + Level 4.7 Fighting
 + Level 4.0 Axes
 + Level 4.3 Armour
 + Level 4.0 Shields


You had 3 spell levels left.
You didn't know any spells.

Dungeon Overview and Level Annotations

Branches:
Dungeon (2/15)

Altars:
Wu Jian


Innate Abilities, Weirdness & Mutations

You reflexively headbutt those who attack you in melee.
You have a pair of horns on your head.


Message History

* * * LOW HITPOINT WARNING * * *
You feel sick.
* * * LOW HITPOINT WARNING * * *
You feel sick.
* * * LOW HITPOINT WARNING * * *
You feel sick.
* * * LOW HITPOINT WARNING * * *
You feel sick.
* * * LOW HITPOINT WARNING * * *
You feel sick.
* * * LOW HITPOINT WARNING * * *
You feel sick.
* * * LOW HITPOINT WARNING * * *
You feel sick.
* * * LOW HITPOINT WARNING * * *
You feel sick.
Some of the chunks of flesh in your inventory have rotted away.
* * * LOW HITPOINT WARNING * * *
You feel sick.
You die...

#.§§§§..###.#
#§§§###.'.._.
#)§§# #.#####
#.§.# #.# ###
######...###.#
###
#.............
...
#.####...###.#
... #.# #####
#.# .#. #@#
#.#.... #.#
#.# .. #.# #.#
#.# #.# #.#
#.# #########
#.. ..........


There were no monsters in sight!

Vanquished Creatures
  Jessica (D:2)
  Terence (D:2)
  An adder (D:2)
  2 dart slugs (D:1)
  A leopard gecko (D:2)
  A ball python (D:2)
  11 bats
  3 giant cockroaches (D:1)
  5 goblins
  6 hobgoblins (D:1)
  3 jackals (D:1)
  A quokka (D:2)
  4 frilled lizards (D:1)
  A kobold (D:2)
  5 rats
46 creatures vanquished.

Notes
Turn   | Place    | Note
-------+----------+-------------------------------------------
     0 | D:1      | grindst0ne the Minotaur Fighter began the quest for the Orb.
     0 | D:1      | Reached XP level 1. HP: 19/19 MP: 0/0
   195 | D:1      | Reached XP level 2. HP: 27/27 MP: 1/1
   642 | D:1      | Reached XP level 3. HP: 33/33 MP: 2/2
  1312 | D:2      | Noticed Jessica
  1321 | D:2      | Killed Jessica
  1581 | D:2      | Found a faded altar of an unknown god.
  1603 | D:2      | Reached XP level 4. HP: 41/41 MP: 3/3
  1865 | D:2      | Noticed Terence
  1874 | D:2      | Killed Terence
  1882 | D:2      | Found an ornate altar of the Wu Jian Council.
  1925 | D:2      | HP: 2/41 [poisoned by a kobold]
  1930 | D:2      | HP: 1/41 [poisoned by a kobold]
  1933 | D:2      | Succumbed to a kobold's poison

Vault maps used:
D:1:      elethiomel_arrival_quiet
D:2:      lemuel_doored_altar, chequers_ecumenical_altar_island, uniq_terence,
          uniq_jessica

Skill      XL: |  1  2  3  4 |
---------------+-------------+-----
Axes           | 3 4 |  4.0
Fighting       | 4 |  4.7
Armour         | 4 |  4.3
Shields        | 4 |  4.0

Action                   |  1- 3 |  4- 6 || total
-------------------------+-------+-------++-------
Melee: War axe           |   112 |       ||   112
       Headbutt          |    14 |     7 ||    21
       Club              |     1 |    18 ||    19
       Hand axe          |       |     4 ||     4
  Use: Scroll            |       |     5 ||     5
       Potion            |       |     1 ||     1
  Eat: Chunk             |     2 |     1 ||     3
Armor: Scale mail        |    14 |       ||    14
       Plate armour      |    26 |       ||    26
       Ring mail         |    32 |     9 ||    41
Dodge: Dodged            |    33 |     9 ||    42
Block: Shield            |    68 |    14 ||    82
